 Dungeon Crawl Stone Soup version 0.31-a0-180-g519b7de00c (webtiles) character file.

Game seed: 10700209900696320973

100 qw the Chopper (level 4, -1/28 HPs)
             Began as a Gargoyle Fighter on June 19, 2023.
             Killed by nerve-wracking pain
             ... invoked by an orc priest
              (2 damage)
             ... on level 3 of the Dungeon.
             The game lasted 00:00:55 (1799 turns).

qw the Chopper (Gargoyle Fighter)                   Turns: 1799, Time: 00:00:56

Health: -1/28      AC: 12    Str: 21    XL:     4   Next: 74%
Magic:  4/4        EV:  7    Int:  9    God:
Gold:   61         SH:  4    Dex:  9    Spells: 3/3 levels left

rFire   . . .        Y - +1 war axe
rCold   . . .        c - +0 buckler
rNeg    + . .        a - +0 chain mail
rPois   inf          (no helmet)
rElec   +            (no cloak)
rCorr   .            (no gloves)
SInv    .            (no boots)
Will    .....        (no amulet) Stlth
                     (no ring)
HPRegen 0.24/turn    (no ring)
MPRegen 0.09/turn

%: no passive effects
@: about to teleport
A: sickness immunity, AC +3, negative energy resistance 1, electricity
resistance, torment resistance 1, petrification resistance
a: no special abilities


You were on level 3 of the Dungeon.
You visited 1 branch of the dungeon, and saw 3 of its levels.

You collected 61 gold pieces.


Innate Abilities, Weirdness & Mutations

You are immune to sickness and miasma.
Your stone body is resilient. (AC +3)
You are immune to poison.
You resist negative energy. (rN+)
You are resistant to electric shocks. (rElec)
You are resistant to unholy torment.
You are immune to petrification.


   Skills:
 - Level 3.2 Fighting
 + Level 4.3 Axes
 - Level 3.2 Armour
 - Level 3.2 Shields


You had 3 spell levels left.
You didn't know any spells.
Your spell library was empty.

Inventory:

Hand Weapons
 m - a +0 whip
 Y - a +1 war axe (weapon)
Armour
 a - a +0 chain mail (worn)
 c - a +0 buckler (worn)
Scrolls
 h - 2 scrolls of teleportation
 k - 3 scrolls of identify
Potions
 b - a potion of attraction
 d - a potion of might
 j - a potion of resistance

Dungeon Overview and Level Annotations

Branches:
Dungeon (3/15)

Altars:


Message History

1791 ||| Stepping ~*~*~tactically~*~*~ (hiding).
You start waiting.
A giant cockroach comes into view.
1793 ||| Stepping ~*~*~tactically~*~*~ (stealth).
An orc comes into view. It is wielding a +0 whip.
The orc shouts!
The orc wizard casts a spell at you.
You are confused.
1795 ||| DRINKING potion of curing.
You feel better.
1795 ||| (to cure confusion)
The orc wizard hits you with a +0 dagger.
The orc priest hits you with a +0 hand axe.
You hit the orc priest.
The orc priest is moderately wounded.
You barely miss the orc wizard.
The orc wizard hits you but does no damage.
The orc priest hits you with a +0 hand axe.
You barely miss the orc priest.
The orc priest is moderately wounded.
You hit the orc wizard.
The orc wizard hits you with a +0 dagger.
The orc priest mumbles some strange prayers to Beogh against you.
Beogh smites you! You block the orc wizard's attack.
The orc priest hits you with a +0 hand axe.
1798 ||| READING 3 scrolls of teleportation.
As you read the scroll of teleportation, it crumbles to dust.
You feel strangely unstable.
The orc wizard hits you but does no damage.
The orc priest calls upon Beogh to heal the orc wizard.
The orc wizard's wounds heal themselves!
The orc hits you but does no damage.
You barely miss the orc priest.
The orc priest is moderately wounded.
You slash the orc!
You kill the orc!
You hit the orc wizard. The orc wizard misses you.
The orc priest calls down the wrath of Beogh upon you.
Pain shoots through your body!
You die...

##############
.......<.....#
############.#
######### #.#
B.......# #.# #.# #.#
###.#######.#
#####o@.......#.#
......o#)#####...#
######...# #.....#
#..####.###....#
###..##...# #..#.#
#.......#.# #....#
.....#..####....[#..#
..).....# ###.###..#
..##.#..# .# ..#


You could see an orc priest and an orc wizard.

Vanquished Creatures
  A hound (D:3)
  2 adders (D:2)
  A worm (D:2)
  2 dart slugs
  An orc (D:3)
  4 bats
  4 endoplasms (D:1)
  3 giant cockroaches
  6 goblins
  4 hobgoblins
  3 kobolds
  A quokka (D:1)
  7 ball pythons
  3 frilled lizards (D:1)
  3 rats
45 creatures vanquished.

Notes
Turn   | Place    | Note
-------+----------+-------------------------------------------
     0 | D:1      | qw the Gargoyle Fighter began the quest for the Orb.
     0 | D:1      | Reached XP level 1. HP: 14/14 MP: 1/1
     0 | D:1      | 0 ||| qw: Version: 0.3-a-7-ge0c9b40
     0 | D:1      | 0 ||| qw: Game counter: 911
     0 | D:1      | 0 ||| qw: Always use a shield: true
     0 | D:1      | 0 ||| qw: God list: Okawaru
     0 | D:1      | 0 ||| qw: Allow faded altars: false
     0 | D:1      | 0 ||| qw: Do Orc after D:15 true
     0 | D:1      | 0 ||| qw: Do second Lair branch before Depths: true
     0 | D:1      | 0 ||| qw: Lair rune preference: random
     0 | D:1      | 0 ||| qw: Plans: Normal, Zot:1-4, Slime:5, God:TSO, Crypt,
                  | Tomb, Abyss, Pan, Hells, Win
     0 | D:1      | 0 ||| PLANNING D:1-11
    35 | D:1      | Reached skill level 2 in Axes
   115 | D:1      | Reached XP level 2. HP: 19/19 MP: 2/2
   136 | D:1      | 136 ||| Stepping ~*~*~tactically~*~*~ (stealth).
   143 | D:1      | 143 ||| Stepping ~*~*~tactically~*~*~ (stealth).
   273 | D:1      | 273 ||| Stepping ~*~*~tactically~*~*~ (hiding).
   373 | D:1      | 373 ||| Stepping ~*~*~tactically~*~*~ (stealth).
   379 | D:1      | You fall into a shaft and drop 1 floor!
   399 | D:2      | 399 ||| Stepping ~*~*~tactically~*~*~ (stealth).
   400 | D:2      | 400 ||| Stepping ~*~*~tactically~*~*~ (stealth).
   489 | D:2      | Reached skill level 3 in Axes
   582 | D:2      | Found a faded altar of an unknown god.
   591 | D:2      | Reached XP level 3. HP: 23/23 MP: 3/3
   756 | D:2      | 756 ||| DROPPING +0 club.
   776 | D:2      | 776 ||| READING scroll labelled IMPONN SADIS.
   777 | D:2      | 777 ||| READING 3 scrolls labelled EXZYDI YRYSTO.
   781 | D:2      | 781 ||| READING scroll labelled ZUSTIECIALI.
   782 | D:2      | 782 ||| READING 5 scrolls labelled KIENLO TINE.
   783 | D:2      | 783 ||| DRINKING 2 pink potions.
   784 | D:2      | 784 ||| DRINKING 2 ruby potions.
   785 | D:2      | 785 ||| READING 4 scrolls of identify.
   785 | D:2      | 785 ||| IDENTIFYING smoky brown potion
   786 | D:2      | 786 ||| DROPPING potion of brilliance.
  1017 | D:1      | 1017 ||| Stepping ~*~*~tactically~*~*~ (hiding).
  1020 | D:1      | 1020 ||| Stepping ~*~*~tactically~*~*~ (hiding).
  1141 | D:1      | 1141 ||| UPGRADING to +0 chain mail.
  1151 | D:1      | 1151 ||| DROPPING +0 scale mail.
  1406 | D:2      | Reached XP level 4. HP: 26/28 MP: 4/4
  1669 | D:2      | 1669 ||| READING scroll labelled HUURUF ESAUM.
  1670 | D:2      | 1670 ||| READING 4 scrolls of identify.
  1670 | D:2      | 1670 ||| IDENTIFYING grey potion
  1771 | D:3      | Reached skill level 4 in Axes
  1788 | D:3      | 1788 ||| Stepping ~*~*~tactically~*~*~ (stealth).
  1790 | D:3      | 1790 ||| Stepping ~*~*~tactically~*~*~ (hiding).
  1791 | D:3      | 1791 ||| Stepping ~*~*~tactically~*~*~ (hiding).
  1793 | D:3      | 1793 ||| Stepping ~*~*~tactically~*~*~ (stealth).
  1795 | D:3      | 1795 ||| DRINKING potion of curing.
  1795 | D:3      | 1795 ||| (to cure confusion)
  1797 | D:3      | HP: 7/28 [orc priest/divine providence (10)]
  1797 | D:3      | HP: 1/28 [orc priest/+0 hand axe (6)]
  1798 | D:3      | 1798 ||| READING 3 scrolls of teleportation.
  1799 | D:3      | Killed from afar by an orc priest

Levels and vault maps discovered:
D:1:      scummos_arrival_checkerplants, layout_rooms, minmay_curled_crystal,
          minmay_misc_feat_rows, dk_noncrumbling_4, grunt_decor_clamped,
          st_stairs_2, minmay_domino_4
D:2:      layout_basic, ebering_ecumenical_altar_petrified, minivault_5,
          minmay_box_of_dots
D:3:      layout_loops_ring, uniq_grinder, uniq_ijyb, uniq_jessica

Skill      XL: |  1  2  3  4 |
---------------+-------------+-----
Axes           | 2 3 4 |  4.3
Fighting       | |  3.2
Armour         | |  3.2
Shields        | |  3.2

Action                     |  1- 3 |  4- 6 || total
---------------------------+-------+-------++-------
  Melee: War axe           |   108 |    18 ||   126
    Use: Scroll            |     5 |     3 ||     8
         Potion            |     2 |     1 ||     3
 Armour: Scale mail        |    46 |       ||    46
         Chain mail        |     3 |    12 ||    15
  Dodge: Dodged            |    38 |    14 ||    52
  Block: Buckler           |    18 |     3 ||    21

Table legend:
 A = Non-vault XP
 B = Vault XP
 C = Vault XP percentage of total XP
 D = Non-vault monster count
 E = Vault monster count
 F = Vault count percentage of total count
                 A         B        C        D         E       F
            +---------+---------+-------+---------+---------+-------
      Total |     130 |      17 |  11.6 |      35 |      10 |  22.2
            +---------+---------+-------+---------+---------+-------
        D:1 |      34 |       8 |  19.0 |      19 |       5 |  20.8
        D:2 |      46 |       9 |  16.4 |      13 |       5 |  27.8
        D:3 |      50 |       0 |   0.0 |       3 |       0 |   0.0
            +---------+---------+-------+---------+---------+-------
